 Dungeon Crawl Stone Soup version 0.24.1-8-ga250c9d538 (webtiles) character file.

Game seed: 11593101898250473420, levelgen mode: deterministic

59 Hugehornet the Changer (level 4, -7/28 HPs)
             Began as an Octopode Transmuter on May 2, 2020.
             Mangled by Sigmund
             ... wielding a +0 scythe
              (9 damage)
             ... on level 3 of the Dungeon.
             The game lasted 00:03:09 (2619 turns).

Hugehornet the Changer (Octopode Transmuter)        Turns: 2619, Time: 00:03:09

Health: -7/28      AC:  2    Str:  9    XL:     4   Next: 3%
Magic:  14/16      EV: 19    Int: 16    God:
Gold:   132        SH:  0    Dex: 17    Spells: 1/7 levels left

rFire    . . .     SeeInvis .     - Unarmed
rCold    . . .     Gourm    .   (shield currently unavailable)
rNeg     . . .     Faith    .   (helmet currently unavailable)
rPois    x         Spirit   .   (no amulet)
rElec    .         Reflect  .   m - ring of magical power
rCorr    .         Harm     .   (no ring)
MR       .....                  (no ring)
Stlth    ++........             (no ring)
HPRegen  0.09/turn              (no ring)
MPRegen  0.15/turn              (no ring)
                                (no ring)
                                (no ring)

@: spider-form (expiring)
A: tiny, almost no armour, stealthy swim, (amphibious), 8 rings, (constrict 8)
a: End Transformation


You were on level 3 of the Dungeon.
You were hungry.
You were a venomous arachnid creature.
You visited 1 branch of the dungeon, and saw 3 of its levels.

You collected 132 gold pieces.

Inventory:

Missiles
 a - 76 arrows
Jewellery
 m - a ring of magical power (left front leg)
 o - a +6 ring of strength {unknown}
Scrolls
 d - a scroll of enchant weapon {unknown}
 f - a scroll of immolation {unknown}
 g - a scroll of remove curse {unknown}
 h - a scroll of magic mapping {unknown}
 i - a scroll of teleportation {unknown}
 j - a scroll of blinking {unknown}
 n - a scroll of noise {unknown}
Potions
 b - a potion of invisibility {unknown}
 e - a potion of haste {unknown}
 k - a potion of might {unknown}
 l - 3 potions of curing {unknown}
 p - a potion of resistance
Comestibles
 c - 3 rations


   Skills:
 - Level 1.0 Fighting
 - Level 2.0 Dodging
 - Level 3.0 Unarmed Combat
 - Level 2.0 Spellcasting
 + Level 4.1 Transmutations
 * Level 0.2 Poison Magic


You had one spell level left.
You knew the following spells:

 Your Spells              Type           Power        Failure   Level  Hunger
a - Beastly Appendage     Tmut           ###...       12%         1    #......
b - Sticks to Snakes      Tmut           ###.....     16%         2    ###....
c - Spider Form           Tmut/Pois      #.........   47%         3    ###....

Your spell library contained the following spells:

 Spells                   Type           Power        Failure   Level  Hunger
 Ice Form                 Ice/Tmut       #.......     83%         4    #####..
 Blade Hands              Tmut           ###.......   87%         5    ######.


Dungeon Overview and Level Annotations

Branches:
Dungeon (3/15)

Altars:

Annotations:
D:3 Sigmund


Innate Abilities, Weirdness & Mutations

You cannot wear most types of armour.
You are very stealthy in the water. (Stealth+)
((You are amphibious.))
You can wear up to eight rings at the same time.
((You can use your tentacles to constrict eight enemies at once.))
((Your skin changes colour to match your surroundings (Stealth+).))
((Your rubbery body absorbs attacks. (AC +1, EV +1)))


Message History

Sigmund is moderately wounded.
You hit Sigmund.
Sigmund looks as sick as possible!
Sigmund is moderately wounded.
Sigmund gestures at you while chanting. You resist with some effort.
You hit Sigmund.
Sigmund looks as sick as possible!
Sigmund is heavily wounded.
Sigmund hits you with a +0 scythe!
Ouch! That really hurt!
* * * LOW HITPOINT WARNING * * *
You barely miss Sigmund.
Sigmund is heavily wounded.
Sigmund giggles. "Time to reap what you sow."
Sigmund completely misses you.
You barely miss Sigmund.
Sigmund is heavily wounded.
You hit Sigmund.
Sigmund looks as sick as possible!
Sigmund is almost dead.
Sigmund hits you with a +0 scythe!
You die...

### # ##.## ##
##...###########.
#................
#######...###########.
#...@s.#.## ##
#.#.##.#.# ###### #
#.#.# ...... #.#.#
###### #.#.# #....
#.#.# #.#


You could see Sigmund.

Vanquished Creatures
  2 adders (D:2)
  A worm (D:2)
  2 dart slugs
  A leopard gecko (D:1)
  An orc (D:3)
  3 goblins
  3 hobgoblins
  8 bats
  4 frilled lizards (D:1)
  6 kobolds
  7 rats
38 creatures vanquished.

Notes
Turn   | Place    | Note
-------+----------+-------------------------------------------
     0 | D:1      | Hugehornet the Octopode Transmuter began the quest for the
                  | Orb.
     0 | D:1      | Reached XP level 1. HP: 13/13 MP: 3/3
   183 | D:1      | Reached XP level 2. HP: 15/18 MP: 1/5
   670 | D:1      | Reached skill level 3 in Transmutations
  1307 | D:2      | Reached XP level 3. HP: 16/23 MP: 6/6
  1840 | D:2      | Reached skill level 4 in Transmutations
  2475 | D:2      | Reached XP level 4. HP: 21/28 MP: 7/7
  2479 | D:2      | Learned a level 2 spell: Sticks to Snakes
  2483 | D:2      | Learned a level 3 spell: Spider Form
  2605 | D:3      | Noticed Sigmund
  2619 | D:3      | Mangled by Sigmund

Levels and vault maps discovered:
D:1:      dpeg_arrival_ternary, layout_basic, minmay_octomino_j4
D:2:      layout_basic, first_ration
D:3:      layout_loops_ring, hellmonk_ghost_happy_afterlife, uniq_sigmund,
          uniq_jessica, uniq_robin, uniq_natasha

Skill      XL: |  1  2  3 |
---------------+----------+-----
Transmutations | 3 4 |  4.1
Fighting       | |  1.0
Dodging        | |  2.0
Unarmed Combat | |  3.0
Spellcasting   | |  2.0
Poison Magic   | |  0.2

Action                   |  1- 3 |  4- 6 || total
-------------------------+-------+-------++-------
Melee: Unarmed           |    94 |    10 ||   104
       Constrict         |    24 |     1 ||    25
       Kick              |    17 |     2 ||    19
       Tentacles         |     9 |     1 ||    10
       Punch             |     2 |       ||     2
 Cast: Beastly Appendage |    26 |     1 ||    27
       Spider Form       |       |     1 ||     1
 Stab: Sleeping          |     5 |       ||     5
  Eat: Chunk             |     5 |       ||     5
Armor: Skin              |     9 |       ||     9
Dodge: Dodged            |    62 |     7 ||    69
